 Dungeon Crawl Stone Soup version 0.27.1-33-g824d729ab1 (webtiles) character file.

Game seed: 17232023213765583243

259 pkoi the Carver (level 5, 0/42 HPs)
             Began as a Minotaur Gladiator on Nov 29, 2021.
             Slain by Pikel (2 damage)
             ... on level 4 of the Dungeon.
             The game lasted 00:02:39 (3140 turns).

pkoi the Carver (Minotaur Gladiator)                Turns: 3140, Time: 00:02:40

Health: 0/42       AC:  9    Str: 20    XL:     5   Next: 95%
Magic:  4/4        EV:  8    Int:  5    God:
Gold:   185        SH:  0    Dex: 11    Spells: 4/4 levels left

rFire    . . .     SeeInvis .   e - +0 dagger (venom)
rCold    . . .     Faith    .   (no shield)
rNeg     . . .     Spirit   .   p - +0 chain mail
rPois    .         Reflect  .   c - +1 hat
rElec    .         Harm     .   o - scarf {shadows}
rCorr    .         Rampage  .   (no gloves)
Will     .....                  (no boots)
Stlth    ..........             (no amulet)
HPRegen  0.14/turn              (no ring)
MPRegen  0.09/turn              (no ring)

@: no status effects
A: horns 2, retaliatory headbutt
a: no special abilities


You were on level 4 of the Dungeon.
You visited 1 branch of the dungeon, and saw 4 of its levels.

You collected 185 gold pieces.

Inventory:

Hand Weapons
 a - a +0 long sword
 e - a +0 dagger of venom (weapon)
Missiles
 d - 3 throwing nets (quivered)
 k - 29 poisoned darts
Armour
 b - a +0 leather armour
 c - a +1 hat (worn)
 o - a scarf of shadows (worn)
 p - a +0 chain mail (worn)
Jewellery
 j - an amulet of reflection
Scrolls
 g - 2 scrolls of identify
 h - a scroll of amnesia
 i - a scroll of blinking
Potions
 f - a potion of lignification
 l - a potion of attraction {unknown}
 m - a potion of berserk rage {unknown}
 q - a potion of flight {unknown}


   Skills:
 + Level 2.5 Fighting
 * Level 8.0 Long Blades
 - Level 2.0 Throwing
 + Level 0.4 Armour
 - Level 3.2 Dodging


You had 4 spell levels left.
You didn't know any spells.
Your spell library was empty.

Dungeon Overview and Level Annotations

Branches:
Dungeon (4/15)
 Temple: D:4-7

Altars:
Xom

Annotations:
D:4 Pikel


Innate Abilities, Weirdness & Mutations

You have a pair of horns on your head.
You reflexively headbutt those who attack you in melee.


Message History

Pikel is lightly wounded.
Pikel barely misses you. You furiously retaliate!
You headbutt Pikel.
Your chain mail prevents you from hitting Pikel.
Pikel is moderately wounded.
Pikel hits you with a +0 whip of flaming!
* * * LOW HITPOINT WARNING * * *
Pikel burns you.
* * * LOW HITPOINT WARNING * * *
You hit Pikel.
Pikel looks as sick as possible!
Pikel is moderately wounded.
You barely miss Pikel. Your headbutt misses Pikel.
Pikel is heavily wounded.
Pikel drinks a potion.
Pikel is healed!
Pikel waves his whip at you. Pikel barely misses you. You furiously retaliate!
You headbutt Pikel, but do no damage.
An orc comes into view. It is wielding a +0 dagger.
The orc shouts!
You hear a shout!
An orc comes into view. It is wielding a +0 flail.
The orc completely misses you.
You completely miss the orc. You headbutt the orc.
The orc is almost dead.
The orc closely misses you. You furiously retaliate!
You headbutt the orc!
You kill the orc!
An orc wizard comes into view. It is wielding a +0 vampiric dagger.
Items here: $ ) ? [.
The orc hits you with a +0 flail!
* * * LOW HITPOINT WARNING * * *
The orc wizard casts a spell at you.
The magic dart hits you but does no damage.
The orc wizard casts a spell.
The orc wizard flickers and vanishes!
Deactivating autopickup; reactivate with Ctrl-A.
You closely miss Pikel.
Pikel is heavily wounded.
Pikel says, "You'll make a fine lemure."
Pikel hits you with a +0 whip of flaming.
* * * LOW HITPOINT WARNING * * *
Pikel burns you.
You die...

........####........#
........'........####
........####...#.#
......>## ##.##.###
#.....## #.......#
##...## #.###.#.#
##+## #.....#.# #.#
#.{####.# #.#
#.5oK@..# ###.###
##.###### ......# #)#
#.....# #5# .#....#
#.# .##.#.#######.#
.........55...#
....#.#########
....#.#


You could see Pikel (poisoned), a lemure and an orc.

Vanquished Creatures
  Sigmund (D:2)
  2 lemures (D:4)
  4 adders
  A worm (D:3)
  3 dart slugs
  5 orcs
  10 ball pythons
  3 endoplasms
  3 giant cockroaches
  10 goblins
  7 hobgoblins
  4 jackals (D:1)
  A quokka (D:3)
  2 bats
  5 frilled lizards
  6 kobolds
  A rat (D:2)
68 creatures vanquished.

Vanquished Creatures (others)
  A plant (D:4)
1 creature vanquished.

Grand Total: 69 creatures vanquished

Notes
Turn   | Place    | Note
-------+----------+-------------------------------------------
     0 | D:1      | pkoi the Minotaur Gladiator began the quest for the Orb.
     0 | D:1      | Reached XP level 1. HP: 18/18 MP: 0/0
   266 | D:1      | Reached skill level 4 in Long Blades
   273 | D:1      | Reached XP level 2. HP: 19/25 MP: 1/1
   371 | D:1      | Found a faded altar of an unknown god.
   847 | D:1      | Reached skill level 5 in Long Blades
  1122 | D:2      | Reached XP level 3. HP: 30/30 MP: 2/2
  1147 | D:2      | Noticed Sigmund
  1169 | D:2      | Killed Sigmund
  1170 | D:2      | Reached skill level 7 in Long Blades
  1170 | D:2      | Reached XP level 4. HP: 5/37 MP: 3/3
  1170 | D:2      | Reached XP level 5. HP: 5/42 MP: 4/4
  1479 | D:2      | Found a shimmering altar of Xom.
  2432 | D:3      | Reached skill level 8 in Long Blades
  2952 | D:4      | Noticed a lemure
  2953 | D:4      | Noticed a lemure
  2965 | D:4      | Killed a lemure
  2975 | D:4      | Killed a lemure
  3106 | D:4      | Noticed Pikel
  3106 | D:4      | Noticed a lemure
  3106 | D:4      | Noticed a lemure
  3140 | D:4      | HP: 2/42 [Pikel (6)]
  3140 | D:4      | Slain by Pikel

Illustrated notes

Levels and vault maps discovered:
D:1:      minmay_arrival_three_doors, layout_basic,
          hellmonk_ecumenical_altar_leap_of_faith
D:2:      cheibrodos_helix_gallery, layout_basic, basic_altar, uniq_sigmund
D:3:      layout_rooms, minmay_diced_spiral
D:4:      corexii_shack_village, layout_loops_corners,
          mainiacjoe_overflow_concentric_impassable, amcnicky_altar_gilded,
          serial_shops, nicolae_shop_window_shopping, uniq_pikel, uniq_ijyb

Skill      XL: |  1  2  3  4  5 |
---------------+----------------+-----
Long Blades    | 4 5 7 8 |  8.0
Fighting       | |  2.5
Throwing       | |  2.0
Armour         | |  0.4
Dodging        | |  3.2

Action                   |  1- 3 |  4- 6 || total
-------------------------+-------+-------++-------
Melee: Dagger            |    61 |   117 ||   178
       Headbutt          |     8 |    18 ||    26
       Long sword        |     2 |       ||     2
  Use: Scroll            |     3 |     2 ||     5
Armor: Leather armour    |    16 |    14 ||    30
       Chain mail        |       |     5 ||     5
Dodge: Dodged            |    47 |    62 ||   109
